 Dungeon Crawl Stone Soup version 0.24-a0-346-ge062c78e24 (webtiles) character file.

Game seed: 1046286857662402081

60 MisterOstroum the Chucker (level 3, -7/36 HPs)
             Began as a Troll Hunter on May 22, 2019.
             Mangled by a gnoll
             ... wielding a +0 flail
              (13 damage)
             ... on level 2 of the Dungeon.
             The game lasted 00:01:56 (1267 turns).

MisterOstroum the Chucker (Troll Hunter)            Turns: 1267, Time: 00:01:56

Health: -7/36      AC:  6    Str: 21    XL:     3   Next: 82%
Magic:  2/2        EV: 10    Int:  7    God:
Gold:   61         SH:  0    Dex: 10    Spells: 2/2 levels left

rFire    . . .     SeeInvis .   a - +0 short sword
rCold    . . .     Gourm    +   (no shield)
rNeg     . . .     Faith    .   b - +0 robe
rPois    .         Spirit   .   (helmet restricted)
rElec    .         Reflect  .   (no cloak)
rCorr    .         Harm     .   (gloves unavailable)
MR       .....                  (boots unavailable)
Stlth    +.........             (no amulet)
HPRegen  0.52/turn              (no ring)
MPRegen  0.08/turn              (no ring)

@: no status effects
A: large, unfitting armour, claws 3, fast metabolism 3, gourmand, regeneration
1, shaggy fur 1, tough skin 3
a: no special abilities


You were on level 2 of the Dungeon.
You were very full.

You visited 1 branch of the dungeon, and saw 2 of its levels.

You collected 61 gold pieces.

Inventory:

Hand Weapons
 a - a +0 short sword (weapon)
Missiles
 c - 5 large rocks
 d - 2 throwing nets {!f}
 h - 12 stones (quivered)
Armour
 b - a +0 robe (worn)
 l - a +0 shield
Scrolls
 g - a scroll of teleportation {unknown}
 i - a scroll of identify {@r1}
Potions
 f - a potion of degeneration {unknown}
 j - a potion of heal wounds {unknown}
 k - a potion of haste {unknown}
 m - a potion of might {unknown}
Comestibles
 e - 3 rations


   Skills:
 + Level 2.3 Fighting
 + Level 4.1 Throwing
 - Level 1.5 Dodging
 - Level 0.3 Stealth
 + Level 1.8 Unarmed Combat


You had 2 spell levels left.
You didn't know any spells.
Your spell library was empty.

Dungeon Overview and Level Annotations

Branches:
Dungeon (2/15)

Altars:


Innate Abilities, Weirdness & Mutations

You are too large for most types of armour.
You have claws for hands.
Your metabolism is lightning-fast.
You like to eat raw meat.
Your natural rate of healing is unusually fast.
You are covered in fur. (AC +1)
You have extremely tough skin. (AC +3)


Message History

Press: ? - help, Shift-Dir - straight line, f/p - gnoll
Aim: a gnoll, wielding a +0 whip (moderately wounded)
You throw a stone. The stone barely misses the gnoll.
Throwing (i - inventory. (/) - cycle)
h - 21 stones (quivered)
Press: ? - help, Shift-Dir - straight line, f/p - gnoll
Aim: a gnoll, wielding a +0 whip (moderately wounded)
You throw a stone. The stone hits the gnoll.
The gnoll is heavily wounded.
Throwing (i - inventory. (/) - cycle)
h - 20 stones (quivered)
Press: ? - help, Shift-Dir - straight line, f/p - gnoll
Aim: a gnoll, wielding a +0 whip (heavily wounded)
You throw a stone. The stone hits the gnoll.
The gnoll is severely wounded.
Throwing (i - inventory. (/) - cycle)
h - 19 stones (quivered)
Press: ? - help, Shift-Dir - straight line, f/p - gnoll
Aim: a gnoll, wielding a +0 whip (severely wounded)
You throw a stone.
The stone hits the gnoll but does no damage.
The gnoll is severely wounded.
Throwing (i - inventory. (/) - cycle)
h - 18 stones (quivered)
Press: ? - help, Shift-Dir - straight line, f/p - gnoll
Aim: a gnoll, wielding a +0 whip (severely wounded)
You throw a stone. The stone hits the gnoll.
The gnoll is almost dead.
Throwing (i - inventory. (/) - cycle)
h - 17 stones (quivered)
Press: ? - help, Shift-Dir - straight line, f/p - gnoll
Aim: a gnoll, wielding a +0 whip (almost dead)
You throw a stone. The stone hits the gnoll.
You kill the gnoll!
No target in view!
No target in view!
No target in view!
No target in view!
No target in view!
No target in view!
No target in view!
No target in view!
No target in view!
No target in view!
No target in view!
No target in view!
No target in view!
No target in view!
No target in view!
No target in view!
No target in view!
No target in view!
No target in view!
No target in view!
No target in view!
No target in view!
No target in view!
No target in view!
No target in view!
No target in view!
No target in view!
No target in view!
No target in view!
No target in view!
No target in view! 2 gnolls come into view.
The gnoll shouts! x2
Found a stone staircase leading up.
You see here 15 gold pieces.
There are monsters nearby!
There are monsters nearby!
There are monsters nearby!
Throwing (i - inventory. (/) - cycle)
h - 16 stones (quivered)
Press: ? - help, Shift-Dir - straight line, f - gnoll
Aim: a gnoll, wielding a +0 spear You throw a stone.
The stone hits the gnoll.
The gnoll is moderately wounded.
Throwing (i - inventory. (/) - cycle)
h - 15 stones (quivered)
Press: ? - help, Shift-Dir - straight line, f/p - gnoll
Aim: a gnoll, wielding a +0 spear (moderately wounded)
You throw a stone. The stone hits the gnoll.
The gnoll is severely wounded.
Throwing (i - inventory. (/) - cycle)
h - 14 stones (quivered)
Press: ? - help, Shift-Dir - straight line, f/p - gnoll
Aim: a gnoll, wielding a +0 spear (severely wounded)
You throw a stone. The stone hits the gnoll.
The gnoll is almost dead.
Throwing (i - inventory. (/) - cycle)
h - 13 stones (quivered)
Press: ? - help, Shift-Dir - straight line, f/p - gnoll
Aim: a gnoll, wielding a +0 spear (almost dead)
You throw a stone. The stone closely misses the gnoll.
The gnoll hits you from afar with a +0 spear.
The gnoll hits you with a +0 spear! The gnoll hits you with a +0 flail.
Things that are here:
a stone; a +0 whip You hit the gnoll.
You kill the gnoll!
The gnoll hits you with a +0 flail.
You closely miss the gnoll. You barely miss the gnoll.
The gnoll hits you with a +0 flail!
* * * LOW HITPOINT WARNING * * *
You hit the gnoll.
The gnoll is heavily wounded.
The gnoll hits you with a +0 flail!
You die...

###.##....#.####..+
...
#......####.##...##
### ########
#.##.### . #.##.# .
####.##.#### .
#.....รท....# .. .
#....###..###.... .
#........$.....# .
#.....##@.###### #
#......)g.#
##+#..(.(.#
......(#.#
...(<..#.#
....#.(#.#
....#..#.# ... #..
.#


You could see a gnoll.

Vanquished Creatures
  2 gnolls (D:2)
  An adder (D:2)
  A dart slug (D:1)
  3 leopard geckos
  5 hobgoblins
  3 kobolds
  A quokka (D:2)
  7 bats
  A frilled lizard (D:2)
  2 goblins
  3 rats
29 creatures vanquished.

Notes
Turn   | Place    | Note
-------+----------+-------------------------------------------
     0 | D:1      | MisterOstroum the Troll Hunter began the quest for the Orb.
     0 | D:1      | Reached XP level 1. HP: 19/19 MP: 0/0
     8 | D:1      | You fall into a shaft and drop 1 floor!
   130 | D:2      | Reached skill level 1 in Unarmed Combat
   130 | D:2      | Reached XP level 2. HP: 24/28 MP: 1/1
   420 | D:1      | Reached XP level 3. HP: 34/35 MP: 2/2
   433 | D:1      | Reached skill level 4 in Throwing
  1267 | D:2      | Mangled by a gnoll

Levels and vault maps discovered:
D:1:      grunt_arrival_lava_bath, layout_rooms, minmay_misc_feat_encased
D:2:      layout_basic, chequers_serial_rivers_small_a

Skill      XL: |  1  2  3 |
---------------+----------+-----
Unarmed Combat | 1 |  1.8
Fighting       | 2 |  2.3
Throwing       | 4 |  4.1
Dodging        | |  1.5
Stealth        | |  0.3

Action                   || total
-------------------------++-------
Melee: Short sword       ||    59
Throw: Stone             ||    70
       Large rock        ||     3
  Use: Scroll            ||     3
  Eat: Chunk             ||    16
Armor: Robe              ||    20
Dodge: Dodged            ||    42

Table legend:
 A = Non-vault XP
 B = Vault XP
 C = Vault XP percentage of total XP
 D = Non-vault monster count
 E = Vault monster count
 F = Vault count percentage of total count
                 A         B        C        D         E       F
            +---------+---------+-------+---------+---------+-------
      Total |      87 |       0 |   0.0 |      29 |       0 |   0.0
            +---------+---------+-------+---------+---------+-------
        D:1 |      22 |       0 |   0.0 |      13 |       0 |   0.0
        D:2 |      65 |       0 |   0.0 |      16 |       0 |   0.0
            +---------+---------+-------+---------+---------+-------
